 Dungeon Crawl Stone Soup version 0.30-a0-219-gf2db51d15e (webtiles) character file.

Game seed: 7533742117783501526

714 Morbidden the Ruffian (level 7, -12/62 HPs)
             Began as a Troll Air Elementalist on Oct 7, 2022.
             Was a Follower of Cheibriados.
             Mangled by a troll (17 damage)
             ... on level 5 of the Dungeon.
             The game lasted 00:05:09 (3587 turns).

Morbidden the Ruffian (Troll Air Elementalist)      Turns: 3587, Time: 00:05:10

Health: -12/62     AC:  5    Str: 26    XL:     7   Next: 41%
Magic:  7/9        EV: 10    Int: 16    God:    Cheibriados [*.....]
Gold:   185        SH:  0    Dex: 13    Spells: 7/10 levels left

rFire   . . .      SeeInvis .      - Unarmed
rCold   + . .      Faith    .    (no shield)
rNeg    . . .      Spirit   .    a - +0 robe
rPois   +          Reflect  .    (helmet restricted)
rElec   .          Harm     .    p - +0 cloak {rPois}
rCorr   .          Rampage  .    (gloves unavailable)
Will    .....                    (boots unavailable)
Stlth   ++........               (no amulet)
HPRegen 1.10/turn                c - ring of protection from cold
MPRegen 0.11/turn                u - +6 ring of strength

@: very slow
A: large, unfitting armour, claws 3, regeneration 1, shaggy fur 1, tough skin 1
a: Renounce Religion, Bend Time


You were on level 5 of the Dungeon.
You worshipped Cheibriados.
Cheibriados was aware of your devotion.
You visited 2 branches of the dungeon, and saw 6 of its levels.

You collected 218 gold pieces.
You spent 33 gold pieces at shops.

Inventory:

Armour
 a - a +0 robe (worn)
 p - a +0 cloak of poison resistance (worn)
Jewellery
 c - a ring of protection from cold (left claw)
 e - a ring of willpower
 o - a ring of poison resistance
 u - a +6 ring of strength (right claw)
 v - a ring of fire
Wands
 x - a wand of acid (11)
Scrolls
 d - a scroll of fog {unknown}
 f - 3 scrolls of teleportation {unknown}
 h - 5 scrolls of identify {unknown}
 j - a scroll of enchant armour {unknown}
 k - a scroll of vulnerability {unknown}
 l - a scroll of fear {unknown}
 n - a scroll of summoning {unknown}
 q - a scroll of blinking {unknown}
 y - a scroll of amnesia {unknown}
 A - a scroll of immolation {unknown}
Potions
 b - a potion of magic
 r - a potion of flight {unknown}
 s - a potion of brilliance
 t - a potion of mutation {unknown}
 z - a potion of haste {unknown}
Miscellaneous
 w - a tin of tremorstones (2/2)


   Skills:
 * Level 1.5 Fighting
 * Level 2.8 Dodging
 + Level 1.5 Stealth
 * Level 4.6 Unarmed Combat
 * Level 2.0 Spellcasting
 * Level 1.7 Conjurations
 * Level 2.8 Air Magic
 * Level 1.4 Invocations


You had 7 spell levels left.
You knew the following spells:

 Your Spells              Type           Power      Damage    Failure   Level
a - Shock                 Conj/Air       32%        1d5       9%          1
b - Static Discharge      Conj/Air       16%        2-3/arc   12%         2

Your spell library contained the following spells:

 Spells                   Type           Power      Damage    Failure   Level
 Swiftness                Air            10%        N/A       19%         3
 Kindle Blastsparks       Fire/Tloc/Air  8%         2d10      38%         3
 Dazzling Flash           Conj/Hex       8%         N/A       41%         3
 Ignite Poison            Fire/Tmut/Pois 1%         N/A       52%         3
 Airstrike                Air            5%         2d(1-17)  54%         4
 Iskenderun's Mystic Bla  Conj/Tloc      4%         2d3       82%         4
 Freezing Cloud           Conj/Ice/Air   3%         6-21      97%         5
 Starburst                Conj/Fire      2%         6d3       100%        6


Dungeon Overview and Level Annotations

Branches:
Dungeon (5/15)             Temple (1/1) D:4

Altars:
Ashenzari
Cheibriados
Dithmenos
Fedhas
Gozag
Hepliaklqana
Kikubaaqudgha
Makhleb
Nemelex Xobeh
Qazlal
Ru
Trog
Vehumet
Wu Jian
Xom
Yredelemnul
Zin
The Shining One

Shops:
D:2 :*!!(   D:4 *

Annotations:
D:4 4 runed translucent doors


Innate Abilities, Weirdness & Mutations

You are too large for most types of armour.
You have claws for hands.
Your natural rate of healing is unusually fast.
You are covered in fur. (AC +1)
You have tough skin. (AC +1)


Message History

* * * LOW HITPOINT WARNING * * *
You feel better. The troll bites you but does no damage.
The troll claws you but does no damage. The troll claws you.
* * * LOW HITPOINT WARNING * * *
The gnoll hits you but does no damage.
Unknown command.
Unknown command.
Unknown command.
You hit the troll but do no damage.
The troll is moderately wounded.
The troll bites you.
* * * LOW HITPOINT WARNING * * *
The troll claws you.
* * * LOW HITPOINT WARNING * * *
The troll claws you but does no damage. The gnoll hits you but does no damage.
You feel better. The troll bites you.
* * * LOW HITPOINT WARNING * * *
The troll claws you but does no damage. x2
The gnoll hits you but does no damage.
Unknown command.
Unknown command.
Unknown command.
It was a potion of brilliance.
You feel clever all of a sudden. The troll bites you!
* * * LOW HITPOINT WARNING * * *
The troll claws you but does no damage. x2
The gnoll hits you but does no damage.
Unknown command.
Unknown command.
Unknown command.
It was a potion of cancellation.
Your magical effects are unravelling.
You feel magically purged.
You feel less wooden.
Your +0 cloak of poison resistance unmelds from your body.
Your +0 robe unmelds from your body.
You feel resistant to poison.
You feel a little less clever now. The troll bites you!
You die...

.........# .
#.........
###+###### ..#
###.###.## ....# ##
##...####.......
##### #. .#
#....#####.## # .#.
####.......# ..
...###....#####.#
.#..
#g##...####.....##
.# #.. #T#..###
#.##...# .# .
#.#@#.#######.##.#.#
.# #.....#
#........#.# .#
##...## #.)........#
#.).# #........###
#...# #....>...###
##.## #...........
#.# #.......#### #.#
#.......# #.
#.......#


You could see a troll and a gnoll.

Vanquished Creatures
  An ice beast (D:4)
  2 bullfrogs (D:4)
  A necrophage (D:4)
  A wight (D:4)
  A jelly (D:5)
  2 hounds (D:5)
  5 iguanas
  6 adders
  An ufetubus (D:5)
  3 worms (D:4)
  2 dart slugs
  3 orcs
  7 endoplasms
  8 giant cockroaches
  10 goblins
  4 hobgoblins
  4 jackals (D:4)
  4 quokkas
  9 ball pythons
  12 bats
  3 frilled lizards
  6 kobolds
  9 rats
104 creatures vanquished.

Vanquished Creatures (others)
  A plant (D:3)
1 creature vanquished.

Grand Total: 105 creatures vanquished

Notes
Turn   | Place    | Note
-------+----------+-------------------------------------------
     0 | D:1      | Morbidden the Troll Air Elementalist began the quest for
                  | the Orb.
     0 | D:1      | Reached XP level 1. HP: 16/16 MP: 1/1
   218 | D:1      | Reached XP level 2. HP: 21/24 MP: 3/3
   769 | D:2      | Found Huinuer's Distillery.
   816 | D:2      | Found Bycol's General Store.
   842 | D:2      | Reached XP level 3. HP: 8/31 MP: 4/4
   851 | D:2      | Reached skill level 1 in Unarmed Combat
   854 | D:2      | Reached skill level 1 in Conjurations
   913 | D:2      | Found Numil's Book Shop.
  1209 | D:2      | Found Jaiffeot's Distillery.
  1214 | D:2      | Reached XP level 4. HP: 34/40 MP: 5/5
  1226 | D:2      | Bought a potion of lignification for 33 gold pieces
  1229 | D:2      | Learned a level 2 spell: Static Discharge
  1271 | D:2      | Found Ofreek's Antique Weapon Emporium.
  1532 | D:3      | Found a hazy altar of Hepliaklqana.
  1534 | D:3      | Found a sacrificial altar of Ru.
  1534 | D:3      | Found an ancient bone altar of Kikubaaqudgha.
  1534 | D:3      | Found an opulent altar of Gozag.
  1769 | D:3      | Found a faded altar of an unknown god.
  2270 | D:4      | Found a staircase to the Ecumenical Temple.
  2278 | D:4      | Reached skill level 2 in Unarmed Combat
  2288 | Temple   | Entered the Ecumenical Temple
  2294 | Temple   | Became a worshipper of Cheibriados the Contemplative
  2366 | D:4      | Found a large runed translucent door.
  2366 | D:4      | Found a large runed translucent door.
  2367 | D:4      | Noticed an ice beast
  2371 | D:4      | Found a large runed translucent door.
  2371 | D:4      | Found a large runed translucent door.
  2373 | D:4      | Noticed an ice beast
  2402 | D:4      | Noticed a necrophage
  2408 | D:4      | Killed a necrophage
  2409 | D:4      | Reached XP level 5. HP: 43/46 MP: 6/6
  2528 | D:4      | Found a glowing silver altar of Zin.
  2628 | D:4      | Reached skill level 1 in Fighting
  2628 | D:4      | Reached skill level 3 in Unarmed Combat
  2628 | D:4      | Reached XP level 6. HP: 55/55 MP: 0/7
  2740 | D:4      | Found Xuedaewu's General Store.
  2879 | D:4      | Reached * piety under Cheibriados
  2880 | D:4      | Reached skill level 1 in Invocations
  2899 | D:4      | Noticed an ice beast
  2908 | D:4      | Killed an ice beast
  2909 | D:4      | Reached skill level 4 in Unarmed Combat
  2922 | D:4      | Reached XP level 7. HP: 60/62 MP: 8/8
  3047 | D:4      | Found a shadowy altar of Dithmenos.
  3055 | D:4      | Found an ornate altar of the Wu Jian Council.
  3058 | D:4      | Found a radiant altar of Vehumet.
  3058 | D:4      | Found a bloodstained altar of Trog.
  3093 | D:4      | Found a glowing golden altar of the Shining One.
  3160 | D:5      | Entered Level 5 of the Dungeon
  3567 | D:5      | Noticed a troll
  3587 | D:5      | Mangled by a troll

Illustrated notes

Levels and vault maps discovered:
D:1:      co_arrival_random_square_maze, layout_basic, grunt_decor_fettered
D:2:      layout_loops_ring, serial_shops,
          nicolae_shop_temple_entry_statues_fountains, shop, shop_fountains,
          nicolae_shop_waterfront, shop_fountains
D:3:      layout_basic, grunt_temple_overflow_open,
          ebering_ecumenical_altar_hall, serial_forest, infiniplex_forest_end_1,
          infiniplex_forest_lined_corner, infiniplex_forest_lined_corner,
          infiniplex_forest_clump_long, infiniplex_forest_lined_room_2,
          infiniplex_forest_straight_3
D:4:      layout_rooms, nicolae_overflow_hallway_of_the_gods,
          mainiacjoe_overflow_alcove_4, minmay_temple_entry_crystal_x,
          serial_shops, nicolae_shop_hallway_plus, minmay_hollow_rounded_squares
D:5:      minmay_general_purpose_star, layout_basic
Temple:   hellmonk_temple_two_chambers

Skill      XL: |  1  2  3  4  5  6  7 |
---------------+----------------------+-----
Dodging        | 2 |  2.8
Unarmed Combat | 1 2 3 4 |  4.6
Conjurations   | 1 |  1.7
Fighting       | 1 |  1.5
Invocations    | 1 |  1.4
Spellcasting   | 2 |  2.0
Stealth        | |  1.5
Air Magic      | |  2.8

Action                   |  1- 3 |  4- 6 |  7- 9 || total
-------------------------+-------+-------+-------++-------
Melee: Unarmed           |    94 |   144 |    40 ||   278
       Punch             |     2 |     1 |       ||     3
 Cast: Shock             |     3 |     7 |    11 ||    21
  Use: Potion            |     1 |       |     6 ||     7
 Stab: Sleeping          |     3 |     5 |       ||     8
       Distracted        |       |       |     1 ||     1
Armor: Robe              |    53 |    47 |    16 ||   116
       Skin              |       |       |    21 ||    21
Dodge: Dodged            |    57 |    80 |    33 ||   170

Table legend: (Time is in decaauts)
 A = Elapsed time spent in this place.
 B = Non-inter-level travel time spent in this place.
 C = Inter-level travel time spent in this place.
 D = Time resting spent in this place.
 E = Time spent auto-exploring this place.
 F = Levels seen in this place.
 G = Mean time per level.
                   A        B        C        D        E       F      G
               +--------+--------+--------+--------+--------+-----+--------+
         Total |   3892 |   3708 |    184 |     35 |   2916 |   6 |  648.7 |
       Dungeon |   3877 |   3699 |    178 |     35 |   2916 |   5 |  775.4 |
        Temple |     14 |      8 |      6 |      0 |      0 |   1 |   14.0 |
               +--------+--------+--------+--------+--------+-----+--------+

Top non-repeatable levels by time:
     D:4: 1078 daAuts
     D:1: 767 daAuts
     D:3: 756 daAuts
     D:2: 733 daAuts
     D:5: 541 daAuts
  Temple: 14 daAuts
